 Dungeon Crawl Stone Soup version 0.16.1-2-g95b8d4c (console) character file.

48 gw the Twirler (level 3, -1/31 HPs)
             Began as a Minotaur Gladiator on Mar 26, 2015.
             Succumbed to a goblin's poison
             ... on level 2 of the Dungeon.
             The game lasted 00:01:46 (1576 turns).

gw the Twirler (Minotaur Gladiator)                 Turns: 1576, Time: 00:01:46

Health: -1/31      AC:  5    Str: 19    XL:     3   Next: 50%
Magic:  2/2        EV: 12    Int:  5    God:
Gold:   92         SH:  0    Dex: 11    Spells: 0 memorised, 2 levels left

rFire  . . .     SeeInvis .     a - +0 quarterstaff
rCold  . . .     Clarity  .     i - +0 ring mail
rNeg   . . .     SustAb   .     (no shield)
rPois  .         Gourm    .     c - +0 hat
rElec  .         Spirit   .     (no cloak)
rCorr  .         Warding  .     (no gloves)
rMut   .         Stasis   .     (no boots)
MR     .....                    (no amulet)
Stlth  +.........               (no ring)
                                (no ring)

@: lethally poisoned (-1 -> -19), not resistant to hostile enchantments, very
unstealthy
A: retaliatory headbutt, horns 2
a: no special abilities


You were on level 2 of the Dungeon.
You were not hungry.

You visited 1 branch of the dungeon, and saw 2 of its levels.

You collected 92 gold pieces.

Inventory:

Hand weapons
 a - a +0 quarterstaff (weapon)
Missiles
 d - 3 throwing nets
 e - 35 stones (quivered)
Armour
 c - a +0 hat (worn)
 i - a +0 ring mail (worn)
Scrolls
 b - a scroll of teleportation {unknown}
 g - 2 scrolls of identify {unknown}
 j - a scroll of remove curse {unknown}
 n - a scroll of noise {unknown}
 o - a scroll of amnesia {unknown}
Potions
 k - a potion of agility {unknown}
Comestibles
 f - 2 bread rations
 h - a fruit
 l - a slice of pizza
 m - a royal jelly


   Skills:
 + Level 3.0 Fighting
 * Level 4.5 Staves
 + Level 2.4 Throwing
 + Level 1.3 Armour
 - Level 3.2 Dodging


You had 2 spell levels left.
You didn't know any spells.

Dungeon Overview and Level Annotations

Branches:
Dungeon (2/15)

Altars:

Annotations:
D:2 Robin


Innate Abilities, Weirdness & Mutations

You reflexively headbutt those who attack you in melee.
You have a pair of horns on your head.


Message History

Unknown command.
Unknown command.
ATTACK MOVE TO (-1,-1)
You closely miss the goblin.
The goblin is moderately wounded.
You feel sick. The goblin hits you but does no damage.
The hobgoblin hits you but does no damage.
The goblin completely misses you. You furiously retaliate!
You headbutt the goblin.
You kill the goblin!
Robin throws the goblin at you! The goblin hits you with a club.
The hobgoblin hits you but does no damage.
Unknown command.
Unknown command.
Unknown command.
Unknown command.
ATTACK MOVE TO (-1,0)
You hit the hobgoblin.
The hobgoblin is lightly wounded.
You die...

###################
#........>.........
#.#######.######### #.
#.........# # #.
#.#.#####.# # #. #.#.#
#.# # #######)#####.#.#
#.# # ......ggHg)...#.#
#.# #
....(..gg######.#####.###
......gg# #.........+
........# ####%######
........# #.# # .......#
#.# ......# #.# ###
.....# #.# #.. ### #.#
#..


You could see Robin, 3 hobgoblins and 3 goblins.

Table legend:
 A = Turns spent in this place as a percentage of turns spent in the entire game.
 B = Non-inter-level travel turns spent in this place as a percentage of non-inter-level travel turns spent in the entire game.
 C = Inter-level travel turns spent in this place as a percentage of turns spent in this place.
 D = Turns resting spent in this place as a percentage of non-inter-level travel turns spent in this place.
 E = Turns spent auto-exploring this place as a percentage of non-inter-level travel turns spent in this place.
 F = Non-inter-level travel turns spent in this place divided by the number of levels of this place that you've seen.
                   A       B       C       D       E      F
               +-------+-------+-------+-------+-------+----------------------
         Total | 100.0 | 100.0 |   0.2 |   0.9 |   2.4 | 1103.5
       Dungeon | 100.0 | 100.0 |   0.2 |   0.9 |   2.4 | 1103.5
               +-------+-------+-------+-------+-------+----------------------

Table legend:
 A = Kills in this place as a percentage of kills in entire the game.
 B = Kills by you in this place as a percentage of kills by you in the entire game.
 C = Kills by friends in this place as a percentage of kills by friends in the entire game.
 D = Other kills in this place as a percentage of other kills in the entire game.
 E = Experience gained in this place as a percentage of experience gained in the entire game.
 F = Experience gained in this place divided by the number of levels of this place that you have seen.
                   A       B       C       D       E      F
               +-------+-------+-------+-------+-------+----------------------
         Total | 100.0 | 100.0 |  -nan |  -nan | 100.0 |  34.5
       Dungeon | 100.0 | 100.0 |  -nan |  -nan | 100.0 |  34.5
               +-------+-------+-------+-------+-------+----------------------

Vanquished Creatures
  A giant mite (D:2)
  A giant gecko (D:2)
  An ooze (D:1)
  5 bats
  3 giant cockroaches
  5 goblins (D:2)
  6 hobgoblins
  5 kobolds
  2 quokkas (D:2)
  A ball python (D:2)
  A giant newt (D:1)
  5 rats
36 creatures vanquished.

Notes
Turn   | Place    | Note
--------------------------------------------------------------
     0 | D:1      | gw, the Minotaur Gladiator, began the quest for the Orb.
     0 | D:1      | Reached XP level 1. HP: 18/18 MP: 1/1
   337 | D:1      | Reached XP level 2. HP: 25/25 MP: 1/1
   365 | D:1      | Reached skill level 4 in Staves
   841 | D:1      | Reached skill level 1 in Armour
  1267 | D:2      | Reached XP level 3. HP: 30/30 MP: 2/2
  1564 | D:2      | Noticed Robin
  1575 | D:2      | HP: 1/31 [goblin/club[Robin] (2)]
  1576 | D:2      | Succumbed to a goblin's poison

Action                   || total
-------------------------++-------
Melee: Quarterstaff      ||    79
Throw: Stone             ||    92
  Use: Potion            ||     3
       Scroll            ||     2
  Eat: Chunk             ||     2

Vault maps used:
D:1:      lemuel_arrival_cross, patterned_corridor
D:2:      uniq_robin
